 Dungeon Crawl Stone Soup version 0.25.0-9-g26727b657a (webtiles) character file.

Game seed: 18282202953819127670

135 MisterFreud the Magician (level 5, -1/40 HPs)
             Began as a Gnoll Wanderer on June 16, 2020.
             Slain by an orc
             ... wielding a +0 flail
              (9 damage)
             ... on level 3 of the Dungeon.
             The game lasted 00:06:05 (3191 turns).

MisterFreud the Magician (Gnoll Wanderer)           Turns: 3191, Time: 00:06:06

Health: -1/40      AC:  2    Str: 15    XL:     5   Next: 18%
Magic:  11/14      EV: 12    Int: 14    God:
Gold:   136        SH:  0    Dex: 15    Spells: 13/18 levels left

rFire    . . .     SeeInvis .   l - +1 dagger (drain)
rCold    . . .     Gourm    .   (no shield)
rNeg     . . .     Faith    .   d - +0 robe
rPois    .         Spirit   .   (no helmet)
rElec    .         Reflect  .   (no cloak)
rCorr    .         Harm     .   (no gloves)
MR       .....                  (no boots)
Stlth    ++........             r - amulet of magic regeneration
HPRegen  0.13/turn              (no ring)
MPRegen  0.39/turn              (no ring)

@: very slightly contaminated
A: distributed training, fangs 1, strong nose
a: no special abilities


You were on level 3 of the Dungeon.
You were not hungry.

You visited 1 branch of the dungeon, and saw 3 of its levels.

You collected 136 gold pieces.

Inventory:

Hand Weapons
 a - a +0 mace
 l - a +1 dagger of draining (weapon)
 s - a +0 vorpal falchion
Missiles
 g - 29 stones (quivered)
 j - 9 arrows
Armour
 d - a +0 robe (worn)
Jewellery
 r - an amulet of magic regeneration (around neck)
Scrolls
 b - 4 scrolls of identify {unknown}
 k - 2 scrolls of teleportation {unknown}
 m - a scroll of remove curse {unknown}
Potions
 c - 2 potions of curing
 e - 3 potions of degeneration {unknown}
 h - 4 potions of stabbing {unknown}
 i - 2 potions of haste {unknown}
 o - a potion of brilliance {unknown}
 p - 3 potions of berserk rage {unknown}
 q - a potion of invisibility {unknown}
Comestibles
 f - 2 rations
 n - 7 chunks of flesh


   Skills:
 + Level 2.9 Fighting
 + Level 1.3 Short Blades
 + Level 1.3 Long Blades
 + Level 1.3 Axes
 + Level 2.9 Maces & Flails
 + Level 1.3 Polearms
 + Level 1.3 Staves
 + Level 1.3 Slings
 + Level 1.3 Bows
 + Level 1.3 Crossbows
 + Level 2.9 Throwing
 + Level 2.9 Armour
 + Level 1.3 Dodging
 + Level 1.3 Stealth
 + Level 2.9 Shields
 + Level 1.3 Unarmed Combat
 + Level 7.2 Spellcasting
 + Level 1.1 Conjurations
 + Level 1.1 Hexes
 + Level 1.1 Charms
 + Level 1.1 Summonings
 + Level 1.1 Necromancy
 + Level 1.1 Translocations
 + Level 1.1 Transmutations
 + Level 1.1 Fire Magic
 + Level 1.1 Ice Magic
 + Level 1.1 Air Magic
 + Level 3.9 Earth Magic
 + Level 1.1 Poison Magic
 + Level 1.5 Invocations
 + Level 1.3 Evocations


You had 13 spell levels left.
You knew the following spells:

 Your Spells              Type           Power        Failure   Level  Hunger
a - Magic Dart            Conj           #...         9%          1    None
b - Blink                 Tloc           N/A          13%         2    None
c - Call Imp              Summ           #.......     13%         2    None

Your spell library contained the following spells:

 Spells                   Type           Power        Failure   Level  Hunger
 Slow                     Hex            #.......     13%         2    None
 Conjure Flame            Conj/Fire      #.......     26%         3    ##.....
 Mephitic Cloud           Conj/Pois/Air  #.......     26%         3    ##.....


Dungeon Overview and Level Annotations

Branches:
Dungeon (3/15)

Altars:


Innate Abilities, Weirdness & Mutations

Your experience applies equally to all skills.
You have very sharp teeth.
Your uncanny sense of smell can sniff out nearby items.


Message History

The magic dart hits you!
* * * LOW HITPOINT WARNING * * *
Your shadow imp hits the orc wizard.
Unknown command.
The goblin shouts!
You hit the orc wizard. You drain the orc wizard.
You kill the orc wizard!
You have reached level 5!
Your shadow imp closely misses the orc wizard.
The orc closely misses you.
Casting: Call Imp (safe; 13% risk of failure)
Confirm with . or Enter, or press ? or * to list all spells.
A shadowy apparition takes form in the air.
The orc wizard misses you.
Your shadow imp barely misses the orc wizard.
You hit the orc wizard. You drain the orc wizard.
You bite the orc wizard, but do no damage.
The orc wizard is severely wounded.
The orc hits you with a +0 flail!
You die...

####...............#
#.[..)......)......# .
#.##.<....)...<....#
....#####.###.............##
.........÷.###.....#.....##
∆ ....####.#...>.###########
. #.#...).# #.#..5..#
.####.#..o@.# .....g.÷.o..#
....##...5...# .. ##.###...#
∆ #.# #..... #.# #####.. ...
... ... .. ...


You could see an orc wizard (drained), an orc, a goblin and 2 friendly shadow
imps.

Vanquished Creatures
  An orc wizard (D:3)
  A gnoll (D:1)
  3 adders (D:2)
  4 leopard geckos
  3 orcs (D:3)
  3 giant cockroaches
  10 goblins
  4 hobgoblins
  3 jackals (D:2)
  5 kobolds
  A quokka (D:3)
  A ball python (D:1)
  2 bats (D:2)
  8 frilled lizards
  4 rats
53 creatures vanquished.

Vanquished Creatures (collateral kills)
  An orc wizard (D:3)
  An orc (D:3)
  A goblin (D:3)
  A jackal (D:2)
4 creatures vanquished.

Grand Total: 57 creatures vanquished

Notes
Turn   | Place    | Note
-------+----------+-------------------------------------------
     0 | D:1      | MisterFreud the Gnoll Wanderer began the quest for the Orb.
     0 | D:1      | MisterFreud set off with the following items: a +0 mace, a
                  | potion of curing, a +0 robe, a ration; and the following
                  | spell memorised: Magic Dart; and the following spells
                  | available to memorise: Blink, Call Imp, Slow, Conjure
                  | Flame, Mephitic Cloud
     0 | D:1      | Reached XP level 1. HP: 17/17 MP: 8/8
   448 | D:2      | Reached XP level 2. HP: 12/23 MP: 0/10
   738 | D:1      | Learned a level 2 spell: Blink
   741 | D:1      | Learned a level 2 spell: Call Imp
   799 | D:1      | Reached XP level 3. HP: 27/28 MP: 0/11
  1207 | D:1      | Reached skill level 1 in Invocations
  1780 | D:2      | Reached skill level 1 in Short Blades
  1780 | D:2      | Reached skill level 1 in Long Blades
  1780 | D:2      | Reached skill level 1 in Axes
  1780 | D:2      | Reached skill level 1 in Polearms
  1780 | D:2      | Reached skill level 1 in Staves
  1780 | D:2      | Reached skill level 1 in Slings
  1780 | D:2      | Reached skill level 1 in Bows
  1780 | D:2      | Reached skill level 1 in Crossbows
  1780 | D:2      | Reached skill level 1 in Dodging
  1780 | D:2      | Reached skill level 1 in Stealth
  1780 | D:2      | Reached skill level 1 in Unarmed Combat
  1780 | D:2      | Reached skill level 1 in Evocations
  1858 | D:2      | Reached XP level 4. HP: 34/34 MP: 5/13
  2975 | D:3      | Reached skill level 1 in Conjurations
  2975 | D:3      | Reached skill level 1 in Hexes
  2975 | D:3      | Reached skill level 1 in Charms
  2975 | D:3      | Reached skill level 1 in Summonings
  2975 | D:3      | Reached skill level 1 in Necromancy
  2975 | D:3      | Reached skill level 1 in Translocations
  2975 | D:3      | Reached skill level 1 in Transmutations
  2975 | D:3      | Reached skill level 1 in Fire Magic
  2975 | D:3      | Reached skill level 1 in Ice Magic
  2975 | D:3      | Reached skill level 1 in Air Magic
  2975 | D:3      | Reached skill level 1 in Poison Magic
  3189 | D:3      | Reached XP level 5. HP: 8/40 MP: 12/14
  3191 | D:3      | Slain by an orc

Illustrated notes

Levels and vault maps discovered:
D:1:      minmay_arrival_four_houses, layout_basic, minmay_tripent
D:2:      layout_basic, grunt_ministairs_6, chequers_serial_rivers_micro_c
D:3:      layout_rooms

Skill      XL: |  1  2  3  4 |
---------------+-------------+-----
Invocations    | 1 |  1.5
Short Blades   | 1 |  1.3
Long Blades    | 1 |  1.3
Axes           | 1 |  1.3
Polearms       | 1 |  1.3
Staves         | 1 |  1.3
Slings         | 1 |  1.3
Bows           | 1 |  1.3
Crossbows      | 1 |  1.3
Dodging        | 1 |  1.3
Stealth        | 1 |  1.3
Unarmed Combat | 1 |  1.3
Evocations     | 1 |  1.3
Conjurations   | 1 |  1.1
Hexes          | 1 |  1.1
Charms         | 1 |  1.1
Summonings     | 1 |  1.1
Necromancy     | 1 |  1.1
Translocations | 1 |  1.1
Transmutations | 1 |  1.1
Fire Magic     | 1 |  1.1
Ice Magic      | 1 |  1.1
Air Magic      | 1 |  1.1
Poison Magic   | 1 |  1.1
Fighting       | |  2.9
Maces & Flails | |  2.9
Throwing       | |  2.9
Armour         | |  2.9
Shields        | |  2.9
Spellcasting   | |  7.2
Earth Magic    | |  3.9

Action                   |  1- 3 |  4- 6 || total
-------------------------+-------+-------++-------
Melee: Mace              |     9 |       ||     9
       Bite              |     3 |     2 ||     5
       Dagger            |     8 |    30 ||    38
 Cast: Magic Dart        |    70 |    57 ||   127
       Blink             |     1 |       ||     1
       Call Imp          |     2 |     5 ||     7
  Eat: Chunk             |     3 |     4 ||     7
Armor: Robe              |     5 |     2 ||     7
Dodge: Dodged            |    25 |    23 ||    48
